 Dungeon Crawl Stone Soup version 0.18-a0-1088-g34ef3a2 (webtiles) character file.

54 root the Vexing (level 3, 0/26 HPs)
             Began as a Vampire Enchanter on Jan 15, 2016.
             Slain by an adder (3 damage)
             ... on level 3 of the Dungeon on Jan 16, 2016.
             The game lasted 00:07:08 (2095 turns).

root the Vexing (Vampire Enchanter)                 Turns: 2095, Time: 00:07:08

Health: 0/26       AC:  4    Str:  7    XL:     3   Next: 66%
Magic:  6/6        EV: 13    Int: 17    God:
Gold:   62         SH:  0    Dex: 15    Spells: 1 memorised, 5 levels left

rFire  . . .     SeeInvis +     a - +1 dagger
rCold  + . .     Gourm    .     b - +1 robe
rNeg   + + .     Faith    .     (no shield)
rPois  +         Spirit   .     (no helmet)
rElec  .         Dismiss  .     (no cloak)
rCorr  .         Reflect  .     h - +0 pair of gloves
SustAt .         Harm     .     (no boots)
MR     .....                    (no amulet)
Stlth  +++.......               (no ring)
                                (no ring)

@: regenerating slowly, not resistant to hostile enchantments, fairly stealthy
A: fangs 3, see invisible, unbreathing
a: Bat Form


You were on level 3 of the Dungeon.
You were very thirsty.

You visited 1 branch of the dungeon, and saw 4 of its levels.

You collected 62 gold pieces.

Inventory:

Hand Weapons
 a - a +1 dagger (weapon)
Armour
 b - a +1 robe (worn)
 h - a +0 pair of gloves (worn)
Scrolls
 e - a scroll of blinking {unknown}
 f - 3 scrolls of identify {unknown}
 g - a scroll of teleportation {unknown}
Potions
 d - 9 potions of blood
 i - a potion of ambrosia {unknown}
 j - 2 potions of curing {unknown}
 k - a potion of resistance {unknown}
Books
 c - a book of Maledictions

   Spells                             Type                      Level
   a - Corona                         Hexes                        1
   b - Ensorcelled Hibernation        Hexes/Ice                    2
   c - Confuse                        Hexes                        3
   d - Tukima's Dance                 Hexes                        3
   e - Dazzling Spray                 Conjuration/Hexes            3


   Skills:
 + Level 1.0 Fighting
 + Level 1.7 Short Blades
 + Level 2.5 Dodging
 + Level 5.0 Stealth
 + Level 2.1 Spellcasting
 + Level 5.2 Hexes


You had 5 spell levels left.
You knew the following spells:

 Your Spells              Type           Power        Failure   Level  Hunger
a - Corona                Hex            ###....      2%          1    #......


Dungeon Overview and Level Annotations

Branches:
Dungeon (4/15)
 Temple: D:4-7

Altars:

Annotations:
D:4 Eustachio


Innate Abilities, Weirdness & Mutations

You heal slowly.
You have razor-sharp teeth.
You have supernaturally acute eyesight.
You can survive without breathing.


Message History

The adder completely misses you. The adder closely misses you.
You miss the adder.
The adder is severely wounded.
The adder barely misses you.
You miss the adder.
The adder is severely wounded.
The adder closely misses you.
You hit the adder but do no damage.
The adder is severely wounded.
The adder bites you but does no damage.
You hit the adder.
The adder is almost dead.
The adder barely misses you.
You completely miss the adder.
The adder is almost dead.
The adder bites you but does no damage.
You hit the adder.
The adder is almost dead.
The adder bites you.
You die...

#.........# #.#########
### #.# #.. #.# #.# #.#
#.# #.# #.# ##.# #.#
#####.##.....
#.##########...........#
#............###@######
############## #.S......
#########


You could see an adder.

Vanquished Creatures
  2 adders (D:2)
  An ooze (D:2)
  A giant cockroach (D:2)
  5 goblins (D:1)
  5 hobgoblins (D:1)
  5 kobolds
  A ball python (D:4)
  5 bats
  3 giant newts (D:1)
  5 rats
33 creatures vanquished.

Notes
Turn   | Place    | Note
--------------------------------------------------------------
     0 | D:1      | root the Vampire Enchanter began the quest for the Orb.
     0 | D:1      | Reached XP level 1. HP: 13/13 MP: 3/3
   358 | D:1      | Reached XP level 2. HP: 19/19 MP: 5/5
   749 | D:1      | Reached skill level 5 in Hexes
  1592 | D:2      | Reached XP level 3. HP: 17/25 MP: 6/6
  1607 | D:2      | Reached skill level 5 in Stealth
  1960 | D:2      | Reached skill level 1 in Fighting
  2000 | D:4      | Noticed Eustachio
  2025 | D:3      | HP: 1/26 [worm (6)]
  2095 | D:3      | Slain by an adder

Vault maps used:
D:1:      dpeg_arrival_simpleton_c, serial_bayou_pond_a,
          hangedman_abyss_or_decor_stabs, st_stairs_9
D:2:      nicolae_dithmenos_through_a_glass_darkly,
          nemelex_xobeh_ov_fountains_minmay, uniq_iyjb
D:3:      first_bread, minmay_misc_feat_x, uniq_robin, uniq_terence
D:4:      bloody_trog, minmay_temple_entry_statues_pillars,
          kennysheep_minor_cross, nicolae_ru_the_path_less_chosen,
          uniq_eustachio, uniq_natasha, uniq_pikel

Action                   || total
-------------------------++-------
Melee: Dagger            ||   143
  Use: Potion            ||     1
 Stab: Sleeping          ||     6
